 Dungeon Sprint DCSS version 0.27.1-34-g3ba077fa99 (webtiles) character file.

Game seed: 8096642925344889805

0 boopmooplesden the Skirmisher (level 2, -7/29 HPs)
             Began as a Minotaur Fighter on Jan 27, 2022.
             Killed from afar by Sigmund (9 damage)
             ... with a magic dart
             ... in the Dungeon (Sprint VI: "Thunderdome").
             The game lasted 00:00:39 (48 turns).

boopmooplesden the Skirmisher (Minotaur Fighter)      Turns: 48, Time: 00:00:40

Health: -7/29      AC:  7    Str: 20    XL:     2   Next: 86%
Magic:  1/1        EV:  7    Int: 10    God:
Gold:   65         SH:  9    Dex:  9    Spells: 1/1 levels left

rFire    + + .     SeeInvis .   a - +0 war axe
rCold    . . .     Faith    .   c - +0 kite shield
rNeg     + . .     Spirit   .   b - +0 scale mail
rPois    .         Reflect  .   (helmet restricted)
rElec    .         Harm     .   (no cloak)
rCorr    .         Rampage  .   (no gloves)
Will     .....     NoTele   +   (no boots)
Stlth    ..........             p - amulet "Riycwa Faog" {+Blink rN+ Regen+ Slay-4}
HPRegen  0.09/turn              q - ring "Attouv" {Fly rF++ Int+5 Slay-2}
MPRegen  0.07/turn              (no ring)

@: flying
A: horns 2, retaliatory headbutt
a: Evoke Blink


You were in the Dungeon.
You visited 1 branch You collected 200 gold pieces.
You spent 135 gold pieces at shops.

Inventory:

Hand Weapons
 a - a +0 war axe (weapon)
Armour
 b - a +0 scale mail (worn)
 c - a +0 kite shield (worn)
Jewellery
 o - the ring "Qaetack" {rF+ rCorr AC+4 Str-5 Int+2}
   (You bought it in a shop in the Dungeon)

   [ring of protection]

   AC:        It affects your AC (+4).
   Str:       It affects your strength (-5).
   Int:       It affects your intelligence (+2).
   rF:        It protects you from fire.
   rCorr:     It protects you from acid and corrosion.
 p - the amulet "Riycwa Faog" (around neck) {+Blink rN+ Regen+ Slay-4}
   (You bought it in a shop in the Dungeon)

   [amulet of regeneration]

   Slay:      It affects your accuracy & damage with ranged weapons and melee
   (-4).
   rN:        It protects you from negative energy.
   +Blink:    It lets you blink.
   Regen:     It increases your rate of health regeneration.
 q - the ring "Attouv" (left hand) {Fly rF++ Int+5 Slay-2}
   (You bought it in a shop in the Dungeon)

   [ring of flight]

   Int:       It affects your intelligence (+5).
   Slay:      It affects your accuracy & damage with ranged weapons and melee
   (-2).
   rF:        It greatly protects you from fire.
   Fly:       It grants you flight.
Wands
 l - a wand of acid (5)
 m - a wand of iceblast (5)
Scrolls
 j - 4 scrolls of blinking
 n - 3 scrolls of fog
Potions
 d - a potion of might
 e - a potion of curing
 f - 4 potions of heal wounds
 g - 4 potions of haste
 h - 2 potions of magic
 i - a potion of berserk rage
 k - 2 potions of resistance


   Skills:
 + Level 5.3 Fighting
 + Level 3.0 Axes
 + Level 5.3 Armour
 + Level 5.3 Shields


You had one spell level left.
You didn't know any spells.
Your spell library was empty.

Dungeon Overview and Level Annotations

Branches:
Dungeon (1/1)

Altars:
Gozag
Kikubaaqudgha
Makhleb
Okawaru
Sif Muna
Vehumet
Wu Jian
Yredelemnul
Zin
The Shining One
Beogh

Shops:
D *[?**[(

Annotations:
D Sigmund


Innate Abilities, Weirdness & Mutations

You have a pair of horns on your head.
You reflexively headbutt those who attack you in melee.


Message History

q - the ring "Attouv" (left hand) {Fly rF++ Int+5 Slay-2} You start putting on your amulet.
You continue putting on the amulet "Riycwa Faog" {+Blink rN+ Regen+ Slay-4}. x5
You finish putting on the amulet "Riycwa Faog" {+Blink rN+ Regen+ Slay-4}.
The amulet "Riycwa Faog" cannot attune itself to your injured body.
p - the amulet "Riycwa Faog" (around neck) {+Blink rN+ Regen+ Slay-4} Unknown command.
Things that are here:
a +0 dagger; a +0 robe Sigmund the Dreaded comes into view.
He is wielding a +0 scythe and carrying a wand of flame (22).
Sigmund shouts!
Found an ancient bone altar of Kikubaaqudgha.
Sigmund zaps a wand.
The puff of flame hits you. You resist.
Sigmund is nearby!
Found Luhilown's Premium Goods.
Sigmund zaps a wand.
The puff of flame hits you. You resist.
* * * LOW HITPOINT WARNING * * *
Found three shops.
Found three altars.
Sigmund points at you and mumbles some strange words.
The magic dart hits you but does no damage.
You hit Sigmund but do no damage. Your headbutt misses Sigmund.
You block Sigmund's attack.
You hit Sigmund but do no damage. You block Sigmund's attack.
You closely miss Sigmund.
Sigmund gestures wildly while chanting.
Sigmund flickers and vanishes!
Deactivating autopickup; reactivate with Ctrl-A.
Something hits you but does no damage.
You miss something. Something hits you.
* * * LOW HITPOINT WARNING * * *
You barely miss something.
You hear some strange, mumbled words.
A magic dart appears from out of thin air!
The magic dart hits you.
* * * LOW HITPOINT WARNING * * *
You miss something.
You hear some strange, mumbled words.
A magic dart appears from out of thin air!
The magic dart hits you!
You die...

###∩........8.# .8...
##....)........###.....
#⌠..........###...#
#⌠..........# #.<.#
#⌠..........###...#
##.............###...
###∩........8.# .8...
##∩___......###......
######.8.@.......8.#
#⌠...{.......⌠#
###.........###
#_......._ #_......._
#........_ #∩.......∩
##∩.....∩#


There were no monsters in sight!

Vanquished Creatures
  Jessica (D)
1 creature vanquished.

Notes
Turn   | Place    | Note
-------+----------+-------------------------------------------
     0 | D        | boopmooplesden the Minotaur Fighter began the quest for the
                  | Orb.
     0 | D        | Reached XP level 1. HP: 19/19 MP: 0/0
     4 | D        | Found a glowing golden altar of the Shining One.
     4 | D        | Found a burning altar of Makhleb.
     5 | D        | Found a radiant altar of Vehumet.
     5 | D        | Found an iron altar of Okawaru.
     5 | D        | Round 1.
     6 | D        | Found an opulent altar of Gozag.
     6 | D        | Found a shimmering blue altar of Sif Muna.
     6 | D        | Found Uczomn's Identification Station.
     7 | D        | Found Ymmy's Jewellery.
     7 | D        | Found Daettay's Advanced Armour.
     7 | D        | Noticed Jessica
    15 | D        | Bought a vibrating copper ring for 45 gold pieces
    15 | D        | Identified the ring "Qaetack" {rF+ rCorr AC+4 Str-5 Int+2}
                  | (You bought it in a shop in the Dungeon)
    15 | D        | Bought a bound iron amulet for 45 gold pieces
    15 | D        | Identified the amulet "Riycwa Faog" {+Blink rN+ Regen+
                  | Slay-4} (You bought it in a shop in the Dungeon)
    15 | D        | Bought a vibrating ivory ring for 45 gold pieces
    15 | D        | Identified the ring "Attouv" {Fly rF++ Int+5 Slay-2} (You
                  | bought it in a shop in the Dungeon)
    28 | D        | Killed Jessica
    29 | D        | Reached skill level 5 in Fighting
    29 | D        | Reached skill level 5 in Armour
    29 | D        | Reached skill level 5 in Shields
    29 | D        | Reached XP level 2. HP: 13/29 MP: 1/1
    38 | D        | Noticed Sigmund
    39 | D        | Found an ancient bone altar of Kikubaaqudgha.
    41 | D        | Found Luhilown's Premium Goods.
    42 | D        | Found a basalt altar of Yredelemnul.
    42 | D        | Found an ornate altar of the Wu Jian Council.
    42 | D        | Found a glowing silver altar of Zin.
    42 | D        | Found Sew Xoa's Weapon Rack.
    42 | D        | Found Pugocres's Miscellaneous Merchandise.
    42 | D        | Found Meblaschy's Basic Armour.
    48 | D        | Killed from afar by Sigmund

Illustrated notes

Levels and vault maps discovered:
D:        arena_sprint

Skill      XL: |  1 |
---------------+----+-----
Fighting       | 5 |  5.3
Axes           | 3 |  3.0
Armour         | 5 |  5.3
Shields        | 5 |  5.3

Action                   || total
-------------------------++-------
Melee: War axe           ||     8
       Headbutt          ||     1
Armor: Scale mail        ||     2
Dodge: Dodged            ||     1
Block: Kite shield       ||     3
